 Dungeon Crawl Stone Soup version 0.31-a0-222-gefeffbb62a (webtiles) character file.

Game seed: 2987491154245617697

12256 reriks the Thaumaturge (level 11, -6/79 (83) HPs)
             Began as a Barachi Fire Elementalist on July 5, 2023.
             Was a High Priest of Cheibriados.
             Mangled by a warg (12 damage)
             ... led by an orc warlord
             ... on level 2 of the Orcish Mines.
             The game lasted 00:42:44 (21742 turns).

reriks the Thaumaturge (Barachi Fire Elementalist) Turns: 21742, Time: 00:42:45

HP:   -6/79 (83)    AC:  6    Str: 22    XL:     11   Next: 90%
MP:   33/33         EV: 18    Int: 37    God:    Cheibriados [*****.]
Gold: 469           SH:  0    Dex: 27    Spells: 16/29 levels left

rFire   . . .        k - +8 short sword "Unept" {heavy, rN+ Stlth+}
rCold   . . .        (no shield)
rNeg    + . .        L - +0 leather armour of Cithroec {+Blink Int+3 Dex+2}
rPois   +            (no helmet)
rElec   .            B - +1 cloak
rCorr   .            A - +0 pair of gloves
SInv    .            (no boots)
Will    .....        l - amulet of the acrobat
Stlth   +++++        M - ring of magical power
HPRegen 0.33/turn    u - ring of poison resistance
MPRegen 0.23/turn

%: acrobat
@: studying Spellcasting, lightly drained, very slow
A: amphibious, slowness 1, strong legs 1, +LOS
a: Hop, Renounce Religion, Evoke Blink, Bend Time, Temporal Distortion, Slouch,
Step From Time


You were on level 2 of the Orcish Mines.
You worshipped Cheibriados.
Cheibriados was extremely pleased with you.
You visited 2 branches of the dungeon, and saw 11 of its levels.

You collected 749 gold pieces.
You spent 280 gold pieces at shops.

Inventory:

Hand Weapons
 h - a +1 dagger of flaming
 k - the +8 short sword "Unept" (weapon) {heavy, rN+ Stlth+}
   (You found it on level 2 of the Dungeon)

   rN:        It protects you from negative energy.
   Stlth:     It makes you more stealthy.
 s - a +1 dagger of venom
 y - the +10 spear "Hitueqou" {spect, *Corrode rElec rN+ Str+2}
   (You took it off an orc on level 5 of the Dungeon)

   Str:       It affects your strength (+2).
   rElec:     It insulates you from electricity.
   rN:        It protects you from negative energy.
   *Corrode:  It may corrode you when you take damage.
 G - the +0 flail of Safisemp {antimagic, rF+ Will+}
   (You found it on level 8 of the Dungeon)

   rF:        It protects you from fire.
   Will:      It increases your willpower.
Missiles
 x - a throwing net
Armour
 a - a +0 robe
 A - a +0 pair of gloves (worn)
 B - a +1 cloak (worn)
 F - +0 steam dragon scales
 L - the +0 leather armour of Cithroec (worn) {+Blink Int+3 Dex+2}
   (You took it off an orc on level 8 of the Dungeon)

   Int:       It affects your intelligence (+3).
   Dex:       It affects your dexterity (+2).
   +Blink:    It lets you blink.
Jewellery
 e - a ring of see invisible
 l - an amulet of the acrobat (around neck)
 u - a ring of poison resistance (right hand)
 M - a ring of magical power (left hand)
 N - an amulet of guardian spirit
 P - a ring of resist corrosion
Wands
 p - a wand of quicksilver (14)
 K - a wand of flame (15)
Scrolls
 d - a scroll of poison
 g - 2 scrolls of vulnerability {unknown}
 n - a scroll of fear {unknown}
 q - a scroll of enchant armour {unknown}
 r - 3 scrolls of teleportation
 v - 3 scrolls of revelation {unknown}
 w - 2 scrolls of fog {unknown}
 z - 3 scrolls of immolation {unknown}
 C - 2 scrolls of butterflies {unknown}
 E - a scroll of amnesia {unknown}
 H - 5 scrolls of identify
Potions
 b - a potion of magic
 c - a potion of degeneration
 f - 3 potions of curing
 i - 2 potions of lignification
 j - a potion of haste {unknown}
 m - 2 potions of ambrosia
 o - a potion of heal wounds {unknown}
 t - a potion of mutation {unknown}
 D - 2 potions of brilliance {unknown}
 I - a potion of invisibility {unknown}
 J - a potion of cancellation {unknown}
 O - 2 potions of berserk rage {unknown}


   Skills:
 + Level 6.8 Fighting
 + Level 6.7 Dodging
 + Level 6.1 Stealth
 * Level 9.6 Spellcasting
 * Level 8.3 Conjurations
 * Level 7.8 Hexes
 * Level 9.0 Fire Magic
 + Level 4.3 Invocations


You had 16 spell levels left.
You knew the following spells:

 Your Spells              Type           Power      Damage    Failure   Level
a - Foxfire               Conj/Fire      100%       2x1d9     1%          1
b - Scorch                Fire           100%       2d9       1%          2
c - Inner Flame           Hex/Fire       69%        N/A       1%          3
d - Volatile Blastmotes   Fire/Tloc      100%       2d18      1%          3
e - Flame Wave            Conj/Fire      70%        2d16      1%          4

Your spell library contained the following spells:

 Spells                   Type           Power      Damage    Failure   Level
 Apportation              Tloc           34%        N/A       2%          1
 Necrotise                Necr           68%        1d7       2%          1
 Summon Small Mammal      Summ           68%        N/A       2%          1
 Lesser Beckoning         Tloc           34%        N/A       4%          2
 Gell's Gravitas          Tloc           17%        N/A       8%          3
 Teleport Other           Tloc           17%        N/A       8%          3


Dungeon Overview and Level Annotations

Branches:
Dungeon (9/15)             Temple (0/1) D:4             Orc (2/2) D:9
    Elf (0/3) Orc:2
   Lair: D:8-11

Altars:
Ashenzari
Cheibriados
Kikubaaqudgha
Wu Jian
Yredelemnul
Zin

Shops:
D:1 **=[[

Annotations:
D:4 2 transporters, reriks's ghost, weakling MiHu
D:7 3 runed translucent doors, pokeman's ghost, novice DEHW
Orc:1 1 transporter


Innate Abilities, Weirdness & Mutations

You are amphibious.
You cover ground slowly.
You can hop short distances.
You have an extended range of vision and can be seen from far away.


Message History

Your Fire Magic skill increases to level 9!
You start resting.
You are ready to hop once more.
You start resting.
Magic restored.
Things that are here:
a +3 great mace of protection; a +0 plate armour
Okay, then.
Unknown command.
You start resting.
HP restored.
Unknown command.
There is a stone staircase leading down here.
You climb downwards.
The orc warrior unwields a +0 hand axe.
The orc warrior wields a +0 orcbow.
The orc warrior shoots an arrow.
The arrow closely misses you.
The arrow completely misses the orc warrior.
The orc sorcerer casts a spell at you. The bolt of negative energy hits you.
You partially resist.
You feel drained.
The orc warrior hits you with a +0 scimitar!
The orc misses you. The orc warlord misses you. The warg barely misses you.
There is a stone staircase leading up, spattered with blood here.
The air fills with toxic fumes!
As you read the scroll of poison, it crumbles to dust.
The orc warrior completely misses you. The orc barely misses you.
The orc warlord hits you with a +0 great mace!
The orc warrior shoots an arrow.
The arrow hits you! The warg closely misses you.
The orc warrior hits you with a +0 scimitar.
The orc hits you with a +0 whip.
The orc sorcerer gestures at you while chanting.
The bolt of negative energy hits you! You partially resist.
You feel drained.
* * * LOW HITPOINT WARNING * * *
The orc priest invokes the aid of Beogh against you.
Beogh smites you!
* * * LOW HITPOINT WARNING * * *
The orc warlord roars a battlecry!
The orcs go into a battle-frenzy!
The warg bites you!
You die...

.. §§§§§§§§§§§§##
.. §§§§§§§§§§§§§#
.. §§§§§§§§§§§§§
..
§§§§§§§§§§§§#####
..
§§§§§§§§§§§§§§8§§
..
§§§§§§§§§§§§o§§§§
..
§§§§§§§§§§§§o§o§§
..
§§§§§§§o§h§§§§oo§
..
§§§§§§§o@§§§§§8§§
.$
§§§§§§§§§o§o#####
..
§§§§§§§§§§§§§§#
..
§§§§#§§§§§§§§##
#. §§§#§§§§§§§§##
.. §§§§§§§§§§§§#
.. §§§§§§§§§§§#
.. §§§§§§§§§§§§#
.. §§§§#§§§§§§§§


You could see an orc warlord, a warg, an orc sorcerer (strong), 3 orc warriors,
an orc priest (strong) and 3 orcs.

Vanquished Creatures
  2 two-headed ogres (D:8)
  Pikel (D:7)
  An orc knight (Orc:1)
  2 orc sorcerers (Orc:2)
  A cyclops (Orc:1)
  Joseph (D:8)
  4 trolls
  Prince Ribbit (D:7)
  2 hornets
  Grinder (D:4)
  Sigmund (D:6)
  A wyvern (D:8)
  7 yaks
  4 steam dragons
  Grum (D:8)
  Edmund (D:5)
  A water moccasin (D:6)
  Duvessa (D:6)
  2 black bears
  9 orc warriors
  3 sky beasts
  4 ice beasts
  7 ogres
  A centaur (D:7)
  A lemure (D:7)
  4 wolves (D:8)
  A kobold brigand (D:6)
  Blork the orc (D:5)
  2 bullfrogs
  A scorpion (D:5)
  12 wights
  Dowan (D:6)
  A killer bee (D:7)
  A howler monkey (D:9)
  5 hounds
  6 orc priests
  2 jellies (D:4)
  4 iguanas
  14 orc wizards
  5 gnolls
  7 adders
  A shadow imp (D:6)
  2 white imps
  2 dart slugs
  60 orcs
  5 ball pythons
  5 bats
  12 endoplasms
  5 giant cockroaches
  9 goblins
  3 hobgoblins
  16 jackals
  6 kobolds
  6 quokkas
  4 frilled lizards
  8 rats
271 creatures vanquished.

Vanquished Creatures (collateral kills)
  3 foxfires (D:2)
3 creatures vanquished.

Vanquished Creatures (others)
  693 foxfires
693 creatures vanquished.

Grand Total: 967 creatures vanquished

Notes
Turn   | Place    | Note
-------+----------+-------------------------------------------
     0 | D:1      | reriks the Barachi Fire Elementalist began the quest for
                  | the Orb.
     0 | D:1      | Reached XP level 1. HP: 13/13 MP: 3/3
   225 | D:1      | Reached XP level 2. HP: 20/20 MP: 3/5
   257 | D:1      | Learned a level 2 spell: Scorch
   261 | D:1      | Found Appotan's Jewellery Shoppe.
   624 | D:1      | Found Pidoymn's General Store.
   986 | D:1      | Found Gapp's Assorted Antiques.
   995 | D:1      | Reached XP level 3. HP: 25/25 MP: 3/6
  1304 | D:1      | Found Tuad's Antique Armour Emporium.
  1307 | D:1      | Found Ditu's Armour Emporium.
  1621 | D:1      | Reached skill level 1 in Fighting
  2408 | D:2      | Identified the +8 short sword "Unept" {heavy, rN+ Stlth+}
  2535 | D:2      | Reached XP level 4. HP: 32/32 MP: 5/7
  3863 | D:3      | Found a snail-covered altar of Cheibriados.
  4102 | D:3      | Reached XP level 5. HP: 37/37 MP: 1/9
  4543 | D:3      | Noticed a black bear
  5018 | D:3      | Became a worshipper of Cheibriados the Contemplative
  5028 | D:3      | Killed a black bear
  5029 | D:3      | Reached XP level 6. HP: 44/44 MP: 4/10
  5171 | D:3      | Learned a level 3 spell: Inner Flame
  5175 | D:3      | Learned a level 3 spell: Volatile Blastmotes
  6035 | D:4      | Found a basalt altar of Yredelemnul.
  6222 | D:4      | Reached * piety under Cheibriados
  6257 | D:4      | Found a transporter.
  6266 | D:4      | Found a staircase to the Ecumenical Temple.
  6281 | D:4      | Reached skill level 1 in Hexes
  6820 | D:4      | Noticed Grinder
  6833 | D:4      | Killed Grinder
  6834 | D:4      | Reached XP level 7. HP: 40/52 MP: 3/12
  6936 | D:4      | Found a glowing silver altar of Zin.
  6971 | D:4      | Identified the +6 halberd "Aubergine" {pain, rPois rF-
                  | rC+++ rN+}
  7081 | D:4      | Found a transporter.
  7084 | D:4      | Noticed reriks's ghost (weakling MiHu)
  7228 | D:4      | Learned a level 4 spell: Flame Wave
  7242 | D:5      | Entered Level 5 of the Dungeon
  7778 | D:5      | Identified the +10 spear "Hitueqou" {spect, *Corrode rElec
                  | rN+ Str+2}
  8043 | D:5      | Reached skill level 5 in Fire Magic
  8716 | D:5      | Reached XP level 8. HP: 53/58 MP: 8/14
  8990 | D:5      | Found an ornate altar of the Wu Jian Council.
  9012 | D:5      | Noticed Blork the orc
  9015 | D:5      | Killed Blork the orc
  9335 | D:5      | Reached ** piety under Cheibriados
 10508 | D:6      | Reached skill level 1 in Invocations
 10597 | D:6      | Noticed Edmund
 10597 | D:6      | Noticed Duvessa
 10597 | D:6      | Noticed Dowan
 10617 | D:5      | Killed Edmund
 10752 | D:6      | Noticed Sigmund
 10759 | D:6      | Killed Sigmund
 10760 | D:6      | Reached XP level 9. HP: 64/65 MP: 7/16
 10770 | D:6      | Reached skill level 5 in Conjurations
 11415 | D:6      | Killed Duvessa
 11416 | D:6      | Reached skill level 5 in Spellcasting
 11419 | D:6      | Killed Dowan
 11756 | D:6      | You fall into a shaft and drop 2 floors!
 11767 | D:8      | Noticed Joseph
 11978 | D:8      | Noticed a two-headed ogre
 12018 | D:8      | Identified the +0 flail of Safisemp {antimagic, rF+ Will+}
 12113 | D:6      | Reached *** piety under Cheibriados
 12126 | D:6      | Reached skill level 5 in Dodging
 12275 | D:6      | Found an ancient bone altar of Kikubaaqudgha.
 12373 | D:6      | Reached skill level 5 in Hexes
 12624 | D:7      | Noticed Prince Ribbit
 13193 | D:7      | Found a runed translucent gate.
 13193 | D:7      | Found a runed translucent gate.
 13193 | D:7      | Found a runed translucent gate.
 13194 | D:7      | Noticed pokeman's ghost (novice DEHW)
 13735 | D:7      | Killed Prince Ribbit
 13736 | D:7      | Reached skill level 5 in Fighting
 14082 | D:7      | Reached XP level 10. HP: 74/74 MP: 16/19
 14501 | D:7      | Noticed Pikel
 14510 | D:7      | Killed Pikel
 14511 | D:7      | Reached skill level 5 in Stealth
 16083 | D:8      | Reached **** piety under Cheibriados
 16294 | D:8      | Identified the +0 leather armour of Cithroec {+Blink Int+3
                  | Dex+2}
 16439 | D:8      | Killed Joseph
 16442 | D:8      | Noticed Grum
 16503 | D:8      | Killed Grum
 16675 | D:8      | Noticed a two-headed ogre
 16686 | D:8      | Killed a two-headed ogre
 17035 | D:8      | Found a broken altar of Ashenzari.
 17556 | D:8      | Killed a two-headed ogre
 17557 | D:8      | Reached XP level 11. HP: 55/81 MP: 9/23
 17783 | D:1      | Bought a ring of magical power for 280 gold pieces
 18586 | D:9      | Paralysed by a hornet for 2 turns
 18683 | D:9      | Reached ***** piety under Cheibriados
 19260 | D:9      | Found a staircase to the Orcish Mines.
 19267 | Orc:1    | Entered Level 1 of the Orcish Mines
 19700 | Orc:1    | Found a transporter.
 19703 | Orc:1    | Noticed a moth of wrath
 19705 | Orc:1    | Noticed a moth of wrath
 20439 | Orc:1    | Noticed a moth of wrath
 20440 | Orc:1    | Noticed a stone giant
 20442 | Orc:1    | Noticed a moth of wrath
 20654 | Orc:2    | Entered Level 2 of the Orcish Mines
 20654 | Orc:2    | Noticed an orc sorcerer
 20657 | Orc:2    | Killed an orc sorcerer
 20660 | Orc:2    | Noticed an orc sorcerer
 20743 | Orc:2    | Noticed a cyclops
 20745 | Orc:2    | Killed an orc sorcerer
 20804 | Orc:1    | Killed a cyclops
 21513 | Orc:2    | Noticed an orc knight
 21513 | Orc:2    | Found a staircase to the Elven Halls.
 21518 | Orc:2    | Noticed an orc warlord
 21523 | Orc:2    | Noticed an orc sorcerer
 21537 | Orc:1    | Killed an orc knight
 21742 | Orc:2    | Mangled by a warg

Illustrated notes

Levels and vault maps discovered:
D:1:      eino_arrival_tree_alley, layout_basic, serial_shops,
          nicolae_lakefront_shop, nicolae_shop_just_a_little_nook, shop, shop,
          shop
D:2:      layout_basic, minmay_misc_feat_secret_circle, hangedman_decor_points,
          cheibrodos_gnoll_hut
D:3:      layout_basic, cheibriados_altar_1
D:4:      layout_cave_pools, zin_academy, kennysheep_mini_moat,
          minmay_temple_entry_antechambers, gammafunk_ghost_gnarly_gnolls,
          uniq_grinder
D:5:      layout_cave_pods, mainiacjoe_overflow_surrounded_room,
          uniq_blork_the_orc
D:6:      layout_rooms, nicolae_kikubaaqudgha_miasma_corner, minmay_manual_mess,
          uniq_edmund, uniq_sigmund, uniq_duvessa
D:7:      layout_gridville, gammafunk_ghost_necromancy, hangedman_decor_lopped,
          st_stairs_1, uniq_prince_ribbit1, uniq_pikel
D:8:      layout_loops_ring, cheibrodos_ashenzari_chains, uniq_joseph, uniq_grum
D:9:      layout_roguey, orc_0_dummy
Orc:1:    emtedronai_trogs_sanctum, layout_diamond_mine
Orc:2:    grunt_orc_cross, layout_caves, serial_shops, shop, minmay_orc_temple_b

Skill      XL: |  1  2  3  4  5  6  7  8  9 10 11 |
---------------+----------------------------------+-----
Stealth        | 2 3 4 5 6 |  6.1
Fighting       | 1 2 3 4 5 6 |  6.8
Conjurations   | 2 3 4 6 7 8 |  8.3
Dodging        | 3 4 5 6 |  6.7
Spellcasting   | 3 4 6 8 9 |  9.6
Fire Magic     | 4 5 6 8 9 |  9.0
Hexes          | 2 4 5 6 7 |  7.8
Invocations    | 1 2 3 4 |  4.3

Action                     |  1- 3 |  4- 6 |  7- 9 | 10-12 || total
---------------------------+-------+-------+-------+-------++-------
  Melee: Dagger            |     5 |       |       |       ||     5
         Short sword       |       |    19 |    14 |     5 ||    38
   Cast: Foxfire           |    60 |   105 |   150 |   100 ||   415
         Scorch            |       |    21 |    51 |    41 ||   113
         Volatile Blastmot |       |     1 |     1 |     4 ||     6
         Inner Flame       |       |     1 |       |       ||     1
         Flame Wave        |       |       |       |    40 ||    40
Ability: Hop               |     1 |     6 |     7 |     2 ||    16
  Evoke: Wand              |       |     1 |     6 |     1 ||     8
    Use: Scroll            |       |     4 |     3 |     1 ||     8
         Potion            |       |       |     2 |     1 ||     3
 Armour: Robe              |     2 |     4 |    12 |     6 ||    24
         Leather armour    |       |       |       |     8 ||     8
  Dodge: Dodged            |    14 |    16 |    91 |   130 ||   251

Table legend: (Time is in decaauts)
 A = Elapsed time spent in this place.
 B = Non-inter-level travel time spent in this place.
 C = Inter-level travel time spent in this place.
 D = Time resting spent in this place.
 E = Time spent auto-exploring this place.
 F = Levels seen in this place.
 G = Mean time per level.
                   A        B        C        D        E       F      G
               +--------+--------+--------+--------+--------+-----+--------+
         Total |  26212 |  24544 |   1668 |  13598 |   7466 |  11 | 2382.9 |
       Dungeon |  23002 |  21515 |   1487 |  11940 |   6350 |   9 | 2555.8 |
  Orcish Mines |   3210 |   3030 |    180 |   1658 |   1115 |   2 | 1605.0 |
               +--------+--------+--------+--------+--------+-----+--------+

Top non-repeatable levels by time:
     D:7: 4634 daAuts
     D:5: 4249 daAuts
     D:8: 3056 daAuts
   Orc:1: 2758 daAuts
     D:3: 2200 daAuts
     D:6: 2169 daAuts
     D:4: 2079 daAuts
     D:1: 2017 daAuts
     D:2: 2008 daAuts
     D:9: 587 daAuts
   Orc:2: 452 daAuts
